Map: [ESL] Babylon

Players

Kelazhur - Winner!

  • Race: Terran Terran
  • League: Master
  • Spawn Location: 5:00

Lambo

  • Race: Zerg Zerg
  • League: Master
  • Spawn Location: 11:00

Event: HomeStory Cup XXIII

VOD

Have the link to the VOD?

Description

Time

  • Played on: June 30, 2023, 8:40 a.m.
  • Length: 10:52

All games in this series

Show
View Real Time Build Order
Export as new Build Order

Kelazhur Terran - Winner!

Build Orders:  

Get SALT Encoding   

  12  0:00  SCV  
  13  0:12  SCV  
  14  0:17  Supply Depot  
  14  0:24  SCV  
  15  0:39  SCV  
  15  0:40  Barracks  
  16  0:51  SCV  
  17  1:03  SCV  
  18  1:15  SCV  
  18  1:16  Refinery  
  19  1:26  Marine  
  19  1:27  Orbital Command  
  20  1:35  Command Center  
  20  1:44  Marine  
  21  1:49  Supply Depot  
  21  1:56  SCV  
  22  2:02  Barracks Reactor  
  22  2:08  SCV  
  23  2:20  SCV  
  24  2:24  Command Center  
  24  2:29  Bunker  
  24  2:32  SCV  
  25  2:38  Marine x2  
  27  2:44  SCV  
  27  2:46  Orbital Command  
  28  2:57  Barracks, SCV  
  29  3:05  Barracks  
  29  3:09  SCV  
  29  3:12  Marine x2  
  31  3:13  SCV  
  33  3:21  SCV  
  33  3:26  Engineering Bay  
  34  3:28  SCV  
  34  3:30  Marine x2  
  34  3:33  SCV  
  38  3:35  Orbital Command  
  38  3:40  SCV  
  39  3:45  Marine, SCV  
  39  3:48  Marine  
  42  3:52  SCV  
  38  3:56  Barracks Tech Lab  
  38  3:57  SCV  
  38  4:04  SCV x2  
  38  4:05  Marine  
  38  4:09  SCV  
  36  4:16  SCV  
  33  4:18  SCV  
  33  4:24  SCV  
  33  4:31  SCV  
  33  4:34  Stimpack, Barracks Tech Lab  
  33  4:35  Barracks Reactor  
  33  4:37  SCV x2  
  36  4:40  Terran Infantry Weapons Level 1  
  36  4:43  SCV  
  37  4:46  Marine  
  37  4:49  SCV  
  37  4:50  SCV  
  40  4:53  Marine, Combat Shield  
  40  4:57  SCV  
  40  4:59  Supply Depot  
  42  5:01  SCV  
  42  5:04  Factory  
  42  5:05  Marine, SCV  
  45  5:09  SCV  
  45  5:11  Marine  
  45  5:12  Marine x2, Refinery  
  45  5:13  SCV  
  50  5:18  SCV  
  51  5:21  SCV  
  51  5:22  Supply Depot  
  51  5:23  Marine  
  51  5:25  SCV  
  54  5:29  Marine x2  
  54  5:30  SCV  
  54  5:31  Marine, Refinery  
  54  5:34  SCV, Refinery  
  59  5:37  SCV  
  59  5:41  Marine  
  59  5:42  SCV  
  62  5:46  SCV, Supply Depot  
  62  5:47  Marine  
  62  5:49  Factory Reactor  
  64  5:50  Starport  
  64  5:51  Marine x2  
  64  5:52  SCV  
  67  5:58  Supply Depot  
  67  5:59  Marauder  
  67  6:00  SCV  
  67  6:03  Orbital Command  
  67  6:04  SCV  
  71  6:05  Marauder  
  71  6:06  Barracks  
  71  6:08  Barracks  
  73  6:12  Marine x2  
  73  6:13  SCV  
  73  6:14  Supply Depot  
  73  6:16  SCV  
  77  6:25  SCV  
  78  6:28  SCV  
  78  6:29  Marine x2  
  78  6:30  SCV  
  82  6:33  Medivac x2  
  82  6:35  Terran Infantry Armor Level 1  
  82  6:37  SCV, Factory Tech Lab  
  82  6:39  Marine x2  
  89  6:40  SCV, Supply Depot  
  89  6:42  SCV  
  89  6:43  Factory Reactor  
  89  6:46  Marine  
  89  6:47  Marine  
  91  6:49  SCV  
  91  6:52  SCV  
  93  6:55  Supply Depot  
  93  6:56  SCV  
  93  6:59  Marine, Barracks Reactor x2  
  93  7:00  Marine  
  97  7:01  SCV  
  97  7:07  Medivac x2  
  101  7:09  SCV, Marine x2  
  101  7:11  SCV  
  101  7:13  SCV, Supply Depot  
  106  7:17  Marine  
  106  7:18  Armory  
  106  7:19  Engineering Bay  
  106  7:20  Supply Depot  
  106  7:21  SCV  
  108  7:23  SCV  
  108  7:24  Widow Mine x2  
  108  7:25  SCV  
  108  7:26  Marine  
  108  7:28  Marauder  
  117  7:34  Marine  
  117  7:35  SCV x2, Marine  
  121  7:37  SCV  
  121  7:40  Supply Depot  
  121  7:42  Marine x4, Supply Depot  
  121  7:44  Marine  
  126  7:49  Marauder  
  128  7:52  Marine  
  128  7:53  Marine  
  128  7:55  Widow Mine, Refinery  
  132  7:59  Command Center  
  132  8:00  Supply Depot  
  132  8:03  Medivac x2  
  136  8:10  Marine, Marauder  
  136  8:11  Marauder  
  134  8:13  Terran Infantry Weapons Level 2  
  134  8:15  Marine x2  
  131  8:25  Marine  
  124  8:27  Marine x2  
  124  8:28  Marine  
  124  8:32  Marauder x2  
  124  8:33  Barracks, Marine, Medivac x2  
  136  8:35  Barracks  
  136  8:36  Marine  
  136  8:37  Factory Tech Lab  
  128  8:42  Marine  
  128  8:45  Marine x3  
  112  8:53  Marauder x2  
  112  8:54  Marine  
  113  8:57  Marine, Siege Tank  
  99  9:03  Marine x2  
  99  9:04  Orbital Command  
  99  9:05  Marine  
  82  9:12  Marine  
  82  9:14  Marine x2  
  82  9:15  Marine  
  72  9:20  Marine  
  72  9:21  Marine  
  72  9:23  Marine  
  67  9:29  Marine, Siege Tank  
  69  9:32  Marauder  
  69  9:33  Marine  
  69  9:34  Marine x2  
  74  9:38  Marine x2  
  74  9:40  Marine  
  77  9:46  SCV x3  
  77  9:47  Marine  
  77  9:51  Marine  
  77  9:52  Marine x2  
  84  9:53  Marine  
  84  9:56  Marine x2  
  84  9:58  Marine, SCV x2  
  90  10:05  Marine  
  91  10:09  SCV, Marine  
  87  10:21  Marine  
  87  10:22  Marine x5  
  87  10:23  SCV x3  
  87  10:24  Marine  
  87  10:27  Marine  
  98  10:35  SCV x2  
  98  10:36  SCV  
Show
View Real Time Build Order
Export as new Build Order

Lambo Zerg 

Build Orders: Hatch First 

Get SALT Encoding   

  12  0:00  Drone  
  13  0:12  Overlord  
  13  0:17  Drone  
  14  0:31  Drone x2  
  16  0:48  Hatchery  
  15  0:51  Drone  
  15  0:55  Drone  
  17  0:59  Drone  
  18  1:05  Extractor  
  17  1:13  Spawning Pool  
  17  1:16  Drone  
  17  1:21  Drone  
  18  1:27  Drone  
  19  1:38  Drone  
  20  1:50  Overlord  
  20  2:01  Queen  
  20  2:02  Roach Warren  
  20  2:04  Extractor  
  20  2:06  Drone  
  20  2:08  Drone  
  22  2:15  Overlord  
  22  2:25  Drone  
  23  2:42  Roach x4  
  31  2:44  Roach x2  
  35  2:53  Overlord  
  35  2:56  Extractor, Roach  
  36  3:01  Extractor  
  36  3:02  Ravager  
  38  3:11  Roach  
  40  3:12  Ravager  
  40  3:14  Drone  
  40  3:16  Overlord  
  42  3:21  Ravager  
  42  3:23  Drone  
  44  3:27  Overlord  
  44  3:37  Drone x2  
  46  3:44  Ravager  
  47  3:49  Drone x4  
  47  3:53  Drone x2  
  51  3:59  Drone x2  
  53  4:03  Drone  
  53  4:09  Drone x2  
  48  4:19  Queen  
  48  4:22  Drone x2  
  50  4:30  Drone x4  
  51  4:34  Drone  
  50  4:39  Hatchery  
  50  4:41  Queen  
  50  4:44  Metabolic Boost  
  51  4:53  Roach x2  
  51  4:54  Roach  
  51  4:57  Extractor, Roach  
  51  4:58  Roach  
  60  5:04  Overlord  
  60  5:09  Overlord  
  60  5:22  Roach, Overlord  
  60  5:23  Roach x2  
  60  5:26  Roach  
  68  5:30  Roach x2  
  68  5:32  Lair  
  68  5:33  Queen  
  68  5:35  Zergling x2  
  75  5:41  Drone  
  76  5:44  Roach x2  
  76  5:48  Drone  
  81  5:50  Evolution Chamber  
  81  5:51  Queen  
  81  5:52  Drone  
  83  5:57  Drone  
  83  6:00  Drone  
  85  6:09  Roach x2, Overlord  
  89  6:11  Overlord  
  89  6:12  Overlord  
  89  6:18  Zerg Ground Armor Level 1  
  89  6:20  Drone  
  89  6:22  Extractor, Drone  
  89  6:27  Drone  
  89  6:28  Drone  
  89  6:29  Drone  
  89  6:30  Drone  
  89  6:31  Drone, Glial Reconstitution  
  96  6:33  Roach  
  96  6:37  Roach x2  
  100  6:40  Roach  
  100  6:43  Roach  
  100  6:44  Roach  
  106  6:51  Roach x3  
  112  6:56  Roach  
  112  6:57  Overseer  
  114  7:02  Overlord x3  
  114  7:04  Overlord  
  114  7:18  Overlord  
  114  7:21  Roach x6, Ravager  
  114  7:22  Ravager  
  128  7:23  Roach  
  128  7:26  Roach  
  128  7:27  Ravager  
  128  7:29  Roach  
  135  7:37  Roach x4  
  143  7:43  Roach x3  
  149  7:48  Roach x2  
  149  7:49  Roach  
  151  7:52  Roach  
  153  7:58  Overlord  
  153  7:59  Overlord  
  153  8:00  Overlord  
  153  8:02  Overlord  
  153  8:06  Overlord  
  153  8:09  Overlord  
  153  8:11  Overlord  
  151  8:15  Overlord  
  151  8:17  Overlord  
  145  8:27  Ravager  
  145  8:28  Roach x6  
  145  8:33  Roach x2  
  147  8:44  Roach x3  
  132  8:50  Roach  
  132  8:55  Roach  
  91  9:12  Roach  
  91  9:13  Roach  
  84  9:20  Roach x3  
  84  9:23  Roach  
  83  9:29  Roach x2  
  79  9:32  Overseer  
  79  9:33  Roach  
  76  9:40  Zergling x10  
  81  9:46  Zergling x4  
  81  9:51  Zergling x2  
  84  9:55  Ravager  
  84  9:56  Zergling x4  
  84  9:58  Queen  
  89  10:02  Ravager  
  89  10:03  Zergling x4  
  89  10:04  Zergling x2  
  93  10:13  Roach  
  85  10:15  Zergling x4  
  79  10:25  Roach x3  
  79  10:26  Ravager  
  88  10:35  Ravager  
Tags
 
Add a new tag
Caveats
  • Supply blocks, unpowered buildings, or Contaminate may cause inaccurate times.
  • Supply counts are checked every 10 seconds.